Canucks vs Kings

Created - 24 janvier 2019 at 21:20

Goals
1 2 3 T
Canucks 3 2 1 6
Kings 2 1 1 4
Shots
1 2 3 T
Canucks 14 10 7 31
Kings 9 13 10 32

1st period

1. Canucks , Chris Kreider 6 (Tyson Barrie 19, Erik Karlsson 27) at 2:18 (PP)
2. Canucks , Evgeny Kuznetsov 16 (William Karlsson 16, Mike Hoffman 31) at 9:14
3. Kings , Daniel Sedin 9 (Victor Rask 10, John Moore 12) at 9:29
4. Kings , Nick Bjugstad 6 (Victor Rask 11, John Moore 13) at 13:21
5. Canucks , Brayden Point 19 (Alex Pietrangelo 22) at 14:48

Penalties :
Stephen Johns (LOS) for Slashing (Minor) at 0:50, Aaron Ekblad (VAN) for Hooking (Minor) at 6:29

2nd period

6. Canucks , Brayden Point 20 (Erik Karlsson 28) at 3:54
7. Kings , Patrik Berglund 9 (John Moore 14, Jonathan Toews 19) at 4:42
8. Canucks , Charlie Coyle 14 (Alex Pietrangelo 23, Aaron Ekblad 20) at 11:26 (PP)

Penalties :
Tyson Barrie (VAN) for Cross-checking (Minor) at 7:23, Klas Dahlbeck (LOS) for Holding (Minor) at 9:45

3rd period

9. Kings , Mark Jankowski 4 (Jonathan Toews 20, Erik Johnson 20) at 18:29
10. Canucks , Erik Karlsson 6 (Blake Coleman 11) at 19:06 (Empty Net)

Penalties :
Stephen Johns (LOS) for Fighting (Major) at 10:00, Brandon Montour (VAN) for Fighting (Major) at 10:00

Goalie Stats

Braden Holtby (VAN), 28 saves from 32 shots - (0.875), W, 16-18-2, 60:00 minutes
Jacob Markstrom (LOS), 12 saves from 13 shots - (0.923), L, 5-7-1, 36:00 minutes
Henrik Lundqvist (LOS), 13 saves from 17 shots - (0.765), 23:54 minutes

Players Stats for Canucks

Player Name              G  A  P  +/- PIM S  H  SB GA TA FO     MP     PP MP  PK MP  
------------------------------------------------------------------------------------
Aaron Ekblad             0  1  1   0  2   1  3  3  0  0  0/0    21:46   2:04   0:45 
Alex Pietrangelo         0  2  2   1  0   3  1  1  0  0  0/0    23:43   2:04   1:41 
Anthony Beauvillier      0  0  0   0  0   1  1  1  0  0  1/1    15:14   0:00   1:51 
Blake Coleman            0  1  1   1  0   0  2  0  0  0  11/20  15:32   0:00   2:03 
Bobby Ryan               0  0  0   0  0   1  0  0  0  0  0/2    13:23   0:00   0:00 
Brandon Montour          0  0  0   0  5   1  6  1  0  0  0/0    14:31   0:00   2:17 
Brayden Point            2  0  2  -1  0   4  1  1  0  0  14/23  19:42   2:04   1:07 
Charlie Coyle            1  0  1   0  0   3  0  1  0  0  1/1    18:41   2:04   0:00 
Chris Kreider            1  0  1  -1  0   1  0  0  0  0  0/2    17:41   1:05   0:05 
Danton Heinen            0  0  0   0  0   0  0  0  0  0  0/0     5:38   0:00   0:00 
Erik Karlsson            1  2  3   0  0   2  3  1  0  0  0/0    24:08   1:05   2:17 
Evgeny Kuznetsov         1  0  1   0  0   4  3  0  0  0  11/21  18:20   1:05   0:00 
Jared McCann             0  0  0   0  0   0  0  0  0  0  6/9     6:16   0:00   0:38 
Mike Hoffman             0  1  1   0  0   2  0  0  0  0  0/0    18:20   1:05   0:00 
Tom Wilson               0  0  0   1  0   1  1  0  0  0  0/0     7:56   0:00   2:12 
Tyson Barrie             0  1  1  -1  2   1  1  2  0  0  0/0    21:50   1:05   0:56 
Vince Dunn               0  0  0   0  0   1  1  2  0  0  0/0    13:59   0:00   0:00 
William Karlsson         0  1  1   0  0   5  1  0  0  0  3/6    19:19   2:04   0:00 

Players Stats for Kings

Player Name              G  A  P  +/- PIM S  H  SB GA TA FO     MP     PP MP  PK MP  
------------------------------------------------------------------------------------
Anthony Cirelli          0  0  0   0  0   0  0  0  0  0  1/3     3:35   0:00   0:00 
Austin Watson            0  0  0  -1  0   0  3  1  0  0  6/13   11:54   0:00   0:00 
Dan Hamhuis              0  0  0  -2  0   0  1  2  0  0  0/0    25:09   2:09   1:15 
Daniel Sedin             1  0  1   2  0   4  1  1  0  0  1/2    18:42   1:55   0:00 
Erik Johnson             0  1  1  -2  0   1  1  1  0  0  0/0    25:26   2:09   1:15 
Jesper Fast              0  0  0  -1  0   2  1  0  0  0  0/1    16:29   0:00   0:00 
Joe Pavelski             0  0  0  -1  0   2  1  0  0  0  0/2    23:33   2:03   1:53 
John Moore               0  3  3   2  0   1  2  1  0  0  0/0    20:35   1:49   1:54 
Jonathan Toews           0  2  2  -1  0   6  1  0  0  0  17/33  23:33   2:03   1:53 
Klas Dahlbeck            0  0  0   0  2   0  1  0  0  0  0/0    15:11   0:00   0:59 
Mark Jankowski           1  0  1   0  0   1  0  0  0  0  3/3     3:10   0:00   0:00 
Matt Hunwick             0  0  0   0  0   1  0  4  0  0  0/0    15:29   0:00   0:00 
Nick Bjugstad            1  0  1   2  0   3  3  0  0  0  0/0    18:42   1:55   0:00 
Oskar Sundqvist          0  0  0   0  0   0  1  1  0  0  0/0     1:45   0:00   0:00 
Patrik Berglund          1  0  1  -1  0   3  1  0  0  0  0/2    19:46   2:03   1:16 
Stephen Johns            0  0  0   2  7   3  3  0  0  0  0/0    17:22   1:49   0:55 
Tomas Tatar              0  0  0  -1  0   2  0  0  0  0  0/1    16:29   0:00   0:00 
Victor Rask              0  2  2   2  0   3  0  1  0  0  10/25  19:58   1:55   1:16 

3 Stars

1 - Erik Karlsson (VAN)
2 - Brayden Point (VAN)
3 - John Moore (LOS)

Power Play

Canucks - 2 on 2 Attempt(s) - 100.00%
Kings - 0 on 2 Attempt(s) - 0.00%

Penalty Kill

Canucks - 2 on 2 Attempt(s) - 100.00% - Score 0 goal in Penalty Kill
Kings - 0 on 2 Attempt(s) - 0.00% - Score 0 goal in Penalty Kill

Team Stat

Canucks - Hits : 24 - Faceoff Wins : 47 - Blocked Shots : 13 - Penalty Minutes : 9
Kings - Hits : 20 - Faceoff Wins : 38 - Blocked Shots : 12 - Penalty Minutes : 9

Official

Referees : Trevor Hanson and Ghislain Hebert
Linesman : Kiel Murchison and Mike Cvik

Game Notes

Jacob Markstrom enters game at 3:54 of 2nd period
Austin Watson is injured at 4:31 of 3rd period (Sprained Left Finger)
Stephen Johns and Brandon Montour fight to a draw at 10:00 of 3rd period
Erik Karlsson has scored in a empty net!

Finance

Level 1 -- Attendance: 6500 (100.00%) -- Ticket Income 650 000 $
Level 2 -- Attendance: 4042 (80.84%) -- Ticket Income 343 570 $
Level 3 -- Attendance: 2829 (80.83%) -- Ticket Income 183 885 $
Level 4 -- Attendance: 1717 (81.07%) -- Ticket Income 85 850 $
Luxury Box -- Attendance: 657 (65.70%) -- Ticket Income 164 250 $
Game was played at the Staples Center.
Total Attendance: 15745 (86.90%)
Total Ticket Income: 1 427 555 $
Other Income: 699 502 $
Total Income: 2 127 057 $

% Time on Ice - Canucks

Lines # - Real PCT - Wanted PCT - Time Play
Normal Forward
1 - 33% - 34% - 17:15
2 - 31% - 34% - 16:31
3 - 25% - 24% - 13:23
4 - 11% - 8% - 5:38
Normal Defense
1 - 38% - 42% - 19:50
2 - 36% - 36% - 18:58
3 - 26% - 22% - 13:59
4 - 0% - 0% - 0:00
PP Forward
1 - 66% - 50% - 2:04
2 - 34% - 50% - 1:05
PP Defense
1 - 34% - 60% - 1:05
2 - 66% - 40% - 2:04
PK Forward
1 - 84% - 60% - 3:20
2 - 16% - 40% - 0:38
PK Defense
1 - 42% - 60% - 1:41
2 - 58% - 40% - 2:17
PK3 Forward
1 - 0% - 50%
2 - 0% - 50%
PK3 Defense
1 - 0% - 50%
2 - 0% - 50%
44 Forward
1 - 0% - 50%
2 - 0% - 50%
44 Defense
1 - 0% - 60%
2 - 0% - 40%
Last Minute Offensive  - 0:00
Last Minute Defensive  - 0:06
Total
Forward - 60:00
Defense - 60:00

% Time on Ice - Kings

Lines # - Real PCT - Wanted PCT - Time Play
Normal Forward
1 - 31% - 40% - 16:21
2 - 32% - 30% - 16:47
3 - 31% - 20% - 16:29
4 - 6% - 10% - 3:10
Normal Defense
1 - 36% - 40% - 18:48
2 - 33% - 30% - 17:37
3 - 27% - 20% - 14:13
4 - 4% - 10% - 2:09
PP Forward
1 - 52% - 60% - 2:03
2 - 48% - 40% - 1:55
PP Defense
1 - 54% - 60% - 2:09
2 - 46% - 40% - 1:49
PK Forward
1 - 60% - 60% - 1:53
2 - 40% - 40% - 1:16
PK Defense
1 - 40% - 60% - 1:15
2 - 60% - 40% - 1:54
PK3 Forward
1 - 0% - 60%
2 - 0% - 40%
PK3 Defense
1 - 0% - 60%
2 - 0% - 40%
44 Forward
1 - 0% - 60%
2 - 0% - 40%
44 Defense
1 - 0% - 60%
2 - 0% - 40%
Last Minute Offensive  - 0:06
Last Minute Defensive  - 0:00
Total
Forward - 60:00
Defense - 60:00

Play-by-Play

1st period


0:01 of 1st period - Jonathan Toews wins face-off versus Evgeny Kuznetsov in neutral zone.
0:33 of 1st period - Icing by Tyson Barrie.
0:34 of 1st period - Victor Rask wins face-off versus Evgeny Kuznetsov in Canucks zone.
0:50 of 1st period - Minor Penalty to Stephen Johns for Slashing.
0:51 of 1st period - Charlie Coyle wins face-off versus Jonathan Toews in Kings zone.
0:54 of 1st period - Shot by William Karlsson.
0:54 of 1st period - Stopped by Henrik Lundqvist without a rebound.
0:55 of 1st period - Jonathan Toews wins face-off versus William Karlsson in Kings zone.
1:19 of 1st period - Icing by Aaron Ekblad.
1:20 of 1st period - William Karlsson wins face-off versus Jonathan Toews in Canucks zone.
1:22 of 1st period - Icing by Charlie Coyle.
1:23 of 1st period - William Karlsson wins face-off versus Jonathan Toews in Canucks zone.
2:02 of 1st period - Shot by Erik Karlsson.
2:02 of 1st period - Shot Blocked by John Moore.
2:16 of 1st period - Shot by Tyson Barrie.
2:16 of 1st period - Stopped by Henrik Lundqvist with a rebound.
2:18 of 1st period - Shot by Chris Kreider.
2:18 of 1st period - Goal by Chris Kreider - Canucks : 1 - Kings : 0.
2:19 of 1st period - Austin Watson wins face-off versus Blake Coleman in neutral zone.
2:21 of 1st period - Jesper Fast is hit by Vince Dunn and loses puck.
2:30 of 1st period - Erik Johnson is hit by Anthony Beauvillier and loses puck.
3:11 of 1st period - Icing by Brandon Montour.
3:12 of 1st period - Blake Coleman wins face-off versus Joe Pavelski in Canucks zone.
3:31 of 1st period - Shot by Chris Kreider.
3:31 of 1st period - Shot Blocked by Matt Hunwick.
5:30 of 1st period - Shot by Tom Wilson.
5:30 of 1st period - Shot Misses the Net.
5:32 of 1st period - Shot by Vince Dunn.
5:32 of 1st period - Stopped by Henrik Lundqvist with a rebound.
5:34 of 1st period - Shot by Brandon Montour.
5:34 of 1st period - Stopped by Henrik Lundqvist without a rebound.
5:35 of 1st period - Jonathan Toews wins face-off versus Blake Coleman in Kings zone.
5:48 of 1st period - Shot by Jonathan Toews.
5:48 of 1st period - Shot Misses the Net.
5:50 of 1st period - Shot by Patrik Berglund.
5:50 of 1st period - Shot Blocked by Anthony Beauvillier.
6:00 of 1st period - Shot by Jonathan Toews.
6:00 of 1st period - Shot Misses the Net.
6:06 of 1st period - Shot by Joe Pavelski.
6:06 of 1st period - Shot Blocked by Aaron Ekblad.
6:29 of 1st period - Minor Penalty to Aaron Ekblad for Hooking.
6:30 of 1st period - Brayden Point wins face-off versus Joe Pavelski in Canucks zone.
7:24 of 1st period - Shot by Daniel Sedin.
7:24 of 1st period - Stopped by Braden Holtby without a rebound.
7:25 of 1st period - Victor Rask wins face-off versus Blake Coleman in Canucks zone.
7:38 of 1st period - Shot by Nick Bjugstad.
7:38 of 1st period - Stopped by Braden Holtby without a rebound.
7:39 of 1st period - Jared McCann wins face-off versus Victor Rask in Canucks zone.
7:39 of 1st period - Brandon Montour is hit by Nick Bjugstad and loses puck.
7:58 of 1st period - Shot by Victor Rask.
7:58 of 1st period - Stopped by Braden Holtby without a rebound.
7:59 of 1st period - Blake Coleman wins face-off versus Patrik Berglund in Canucks zone.
8:18 of 1st period - Shot by Patrik Berglund.
8:18 of 1st period - Shot Blocked by Tyson Barrie.
8:20 of 1st period - Shot by Patrik Berglund.
8:20 of 1st period - Deflect By Jonathan Toews.
8:20 of 1st period - Stopped by Braden Holtby without a rebound.
8:21 of 1st period - Blake Coleman wins face-off versus Victor Rask in Canucks zone.
8:48 of 1st period - Off-side.
8:49 of 1st period - Mark Jankowski wins face-off versus Evgeny Kuznetsov in neutral zone.
8:49 of 1st period - Joe Pavelski is hit by William Karlsson and loses puck.
9:12 of 1st period - Shot by Evgeny Kuznetsov.
9:12 of 1st period - Shot Misses the Net.
9:14 of 1st period - Shot by Evgeny Kuznetsov.
9:14 of 1st period - Goal by Evgeny Kuznetsov - Canucks : 2 - Kings : 0.
9:15 of 1st period - Victor Rask wins face-off versus Brayden Point in neutral zone.
9:29 of 1st period - Shot by Daniel Sedin.
9:29 of 1st period - Goal by Daniel Sedin - Canucks : 2 - Kings : 1.
9:30 of 1st period - Blake Coleman wins face-off versus Austin Watson in neutral zone.
9:58 of 1st period - Blake Coleman is hit by Austin Watson and loses puck.
11:27 of 1st period - Shot by Mike Hoffman.
11:27 of 1st period - Shot Misses the Net.
11:39 of 1st period - Shot by Evgeny Kuznetsov.
11:39 of 1st period - Stopped by Henrik Lundqvist without a rebound.
11:40 of 1st period - Jared McCann wins face-off versus Jonathan Toews in Kings zone.
11:40 of 1st period - Danton Heinen is hit by Stephen Johns and loses puck.
11:55 of 1st period - Shot by Jonathan Toews.
11:55 of 1st period - Shot Blocked by Aaron Ekblad.
11:57 of 1st period - Shot by Jonathan Toews.
11:57 of 1st period - Shot Misses the Net.
11:59 of 1st period - Shot by Jonathan Toews.
11:59 of 1st period - Stopped by Braden Holtby without a rebound.
12:00 of 1st period - Victor Rask wins face-off versus Blake Coleman in Canucks zone.
12:00 of 1st period - Nick Bjugstad is hit by Brandon Montour and loses puck.
12:03 of 1st period - Shot by Matt Hunwick.
12:03 of 1st period - Stopped by Braden Holtby without a rebound.
12:04 of 1st period - Jonathan Toews wins face-off versus Evgeny Kuznetsov in Canucks zone.
12:12 of 1st period - Icing by Erik Karlsson.
12:13 of 1st period - Jonathan Toews wins face-off versus Evgeny Kuznetsov in Canucks zone.
12:13 of 1st period - Joe Pavelski is hit by Erik Karlsson.
12:45 of 1st period - Shot by Evgeny Kuznetsov.
12:45 of 1st period - Stopped by Henrik Lundqvist without a rebound.
12:46 of 1st period - Brayden Point wins face-off versus Victor Rask in Kings zone.
12:58 of 1st period - Daniel Sedin is hit by Aaron Ekblad.
13:02 of 1st period - Shot by Nick Bjugstad.
13:02 of 1st period - Stopped by Braden Holtby with a rebound.
13:06 of 1st period - Shot by Nick Bjugstad.
13:06 of 1st period - Shot Blocked by Charlie Coyle.
13:08 of 1st period - Shot by Stephen Johns.
13:08 of 1st period - Shot Misses the Net.
13:21 of 1st period - Shot by Nick Bjugstad.
13:21 of 1st period - Goal by Nick Bjugstad - Canucks : 2 - Kings : 2.
13:22 of 1st period - Evgeny Kuznetsov wins face-off versus Jonathan Toews in neutral zone.
13:25 of 1st period - Matt Hunwick is hit by Evgeny Kuznetsov.
13:28 of 1st period - Icing by Jonathan Toews.
13:29 of 1st period - William Karlsson wins face-off versus Jonathan Toews in Kings zone.
13:32 of 1st period - Shot by Evgeny Kuznetsov.
13:32 of 1st period - Shot Blocked by Matt Hunwick.
14:25 of 1st period - Icing by Tyson Barrie.
14:26 of 1st period - Austin Watson wins face-off versus William Karlsson in Canucks zone.
14:48 of 1st period - Shot by Brayden Point.
14:48 of 1st period - Goal by Brayden Point - Canucks : 3 - Kings : 2.
14:49 of 1st period - Daniel Sedin wins face-off versus Bobby Ryan in neutral zone.
14:53 of 1st period - Victor Rask is hit by Brandon Montour and loses puck.
15:04 of 1st period - Shot by Anthony Beauvillier.
15:04 of 1st period - Shot Misses the Net.
15:06 of 1st period - Shot by Bobby Ryan.
15:06 of 1st period - Stopped by Henrik Lundqvist with a rebound.
15:16 of 1st period - Shot by Anthony Beauvillier.
15:16 of 1st period - Shot Misses the Net.
15:18 of 1st period - Shot by Anthony Beauvillier.
15:18 of 1st period - Stopped by Henrik Lundqvist with a rebound.
15:20 of 1st period - Shot by Bobby Ryan.
15:20 of 1st period - Shot Misses the Net.
16:07 of 1st period - Shot by Charlie Coyle.
16:07 of 1st period - Stopped by Henrik Lundqvist without a rebound.
16:08 of 1st period - Jared McCann wins face-off versus Austin Watson in Kings zone.
16:08 of 1st period - Jared McCann is hit by Klas Dahlbeck.
16:27 of 1st period - Icing by Tomas Tatar.
16:28 of 1st period - Evgeny Kuznetsov wins face-off versus Austin Watson in Kings zone.
16:35 of 1st period - Shot by William Karlsson.
16:35 of 1st period - Shot Misses the Net.
17:04 of 1st period - Shot by William Karlsson.
17:04 of 1st period - Shot Misses the Net.
17:31 of 1st period - Icing by Jonathan Toews.
17:32 of 1st period - Jonathan Toews wins face-off versus Brayden Point in Kings zone.
17:49 of 1st period - Shot by Chris Kreider.
17:49 of 1st period - Shot Blocked by Dan Hamhuis.
18:16 of 1st period - Off-side.
18:17 of 1st period - Victor Rask wins face-off versus Blake Coleman in neutral zone.
18:47 of 1st period - Bobby Ryan is hit by John Moore and loses puck.
19:23 of 1st period - Shot by Evgeny Kuznetsov.
19:23 of 1st period - Stopped by Henrik Lundqvist with a rebound.
19:48 of 1st period - Shot by Alex Pietrangelo.
19:48 of 1st period - Shot Misses the Net.
19:50 of 1st period - Shot by Alex Pietrangelo.
19:50 of 1st period - Stopped by Henrik Lundqvist without a rebound.
19:51 of 1st period - Jonathan Toews wins face-off versus Brayden Point in Kings zone.
Goals for this period are 3 for Canucks vs 2 for Kings.
Shots for this period are 14 for Canucks vs 9 for Kings.

2nd period


0:01 of 2nd period - Jonathan Toews wins face-off versus Chris Kreider in neutral zone.
0:18 of 2nd period - Shot by Charlie Coyle.
0:18 of 2nd period - Stopped by Henrik Lundqvist without a rebound.
0:19 of 2nd period - Evgeny Kuznetsov wins face-off versus Daniel Sedin in Kings zone.
0:19 of 2nd period - William Karlsson is hit by Stephen Johns and loses puck.
0:28 of 2nd period - Shot by Evgeny Kuznetsov.
0:28 of 2nd period - Shot Misses the Net.
0:59 of 2nd period - Shot by William Karlsson.
0:59 of 2nd period - Stopped by Henrik Lundqvist without a rebound.
1:00 of 2nd period - Brayden Point wins face-off versus Jonathan Toews in Kings zone.
1:32 of 2nd period - Joe Pavelski is hit by Erik Karlsson and loses puck.
3:01 of 2nd period - Off-side.
3:02 of 2nd period - Victor Rask wins face-off versus Evgeny Kuznetsov in neutral zone.
3:11 of 2nd period - Shot by Victor Rask.
3:11 of 2nd period - Shot Misses the Net.
3:13 of 2nd period - Shot by John Moore.
3:13 of 2nd period - Stopped by Braden Holtby without a rebound.
3:14 of 2nd period - Victor Rask wins face-off versus Brayden Point in Canucks zone.
3:21 of 2nd period - Shot by Nick Bjugstad.
3:21 of 2nd period - Deflect By Victor Rask.
3:21 of 2nd period - Stopped by Braden Holtby without a rebound.
3:22 of 2nd period - Brayden Point wins face-off versus Victor Rask in Canucks zone.
3:22 of 2nd period - Tyson Barrie is hit by Nick Bjugstad and loses puck.
3:36 of 2nd period - Shot by Daniel Sedin.
3:36 of 2nd period - Shot Misses the Net.
3:38 of 2nd period - Shot by Stephen Johns.
3:38 of 2nd period - Stopped by Braden Holtby without a rebound.
3:39 of 2nd period - Mark Jankowski wins face-off versus Evgeny Kuznetsov in Canucks zone.
3:44 of 2nd period - Shot by Jonathan Toews.
3:44 of 2nd period - Stopped by Braden Holtby without a rebound.
3:45 of 2nd period - Brayden Point wins face-off versus Patrik Berglund in Canucks zone.
3:52 of 2nd period - Shot by Erik Karlsson.
3:52 of 2nd period - Shot Blocked by Dan Hamhuis.
3:54 of 2nd period - Shot by Brayden Point.
3:54 of 2nd period - Goal by Brayden Point - Canucks : 4 - Kings : 2.
3:54 of 2nd period - Jacob Markstrom enters game.
3:55 of 2nd period - Evgeny Kuznetsov wins face-off versus Victor Rask in neutral zone.
4:14 of 2nd period - Shot by William Karlsson.
4:14 of 2nd period - Shot Blocked by Victor Rask.
4:24 of 2nd period - Shot by Victor Rask.
4:24 of 2nd period - Deflect By Daniel Sedin.
4:24 of 2nd period - Stopped by Braden Holtby without a rebound.
4:25 of 2nd period - Jonathan Toews wins face-off versus Brayden Point in Canucks zone.
4:34 of 2nd period - Shot by Jonathan Toews.
4:34 of 2nd period - Shot Blocked by Brayden Point.
4:36 of 2nd period - Shot by Jonathan Toews.
4:36 of 2nd period - Shot Misses the Net.
4:38 of 2nd period - Shot by Jonathan Toews.
4:38 of 2nd period - Deflect By Patrik Berglund.
4:38 of 2nd period - Shot Blocked by Tyson Barrie.
4:40 of 2nd period - Shot by John Moore.
4:40 of 2nd period - Shot Misses the Net.
4:42 of 2nd period - Shot by Patrik Berglund.
4:42 of 2nd period - Goal by Patrik Berglund - Canucks : 4 - Kings : 3.
4:43 of 2nd period - Austin Watson wins face-off versus Jared McCann in neutral zone.
4:51 of 2nd period - Shot by Tomas Tatar.
4:51 of 2nd period - Stopped by Braden Holtby with a rebound.
5:17 of 2nd period - Shot by Danton Heinen.
5:17 of 2nd period - Shot Blocked by Austin Watson.
5:56 of 2nd period - Shot by Patrik Berglund.
5:56 of 2nd period - Shot Blocked by Aaron Ekblad.
5:58 of 2nd period - Shot by Erik Johnson.
5:58 of 2nd period - Shot Hit the Post.
6:08 of 2nd period - Shot by Jonathan Toews.
6:08 of 2nd period - Shot Misses the Net.
6:38 of 2nd period - Shot by Victor Rask.
6:38 of 2nd period - Stopped by Braden Holtby without a rebound.
6:39 of 2nd period - Austin Watson wins face-off versus Evgeny Kuznetsov in Canucks zone.
6:55 of 2nd period - Shot by Mike Hoffman.
6:55 of 2nd period - Stopped by Jacob Markstrom without a rebound.
6:56 of 2nd period - Brayden Point wins face-off versus Victor Rask in Kings zone.
7:11 of 2nd period - Shot by Daniel Sedin.
7:11 of 2nd period - Shot Blocked by Erik Karlsson.
7:22 of 2nd period - Victor Rask is hit by Erik Karlsson and loses puck.
7:23 of 2nd period - Minor Penalty to Tyson Barrie for Cross-checking.
7:24 of 2nd period - Blake Coleman wins face-off versus Jonathan Toews in Canucks zone.
8:45 of 2nd period - Shot by Brayden Point.
8:45 of 2nd period - Stopped by Jacob Markstrom with a rebound.
8:47 of 2nd period - Shot by Brayden Point.
8:47 of 2nd period - Deflect By Tom Wilson.
8:47 of 2nd period - Stopped by Jacob Markstrom without a rebound.
8:48 of 2nd period - Jonathan Toews wins face-off versus Blake Coleman in Kings zone.
8:53 of 2nd period - Dan Hamhuis is hit by Blake Coleman.
9:02 of 2nd period - Off-side.
9:03 of 2nd period - Blake Coleman wins face-off versus Victor Rask in neutral zone.
9:45 of 2nd period - Minor Penalty to Klas Dahlbeck for Holding.
9:46 of 2nd period - Jonathan Toews wins face-off versus William Karlsson in Kings zone.
9:46 of 2nd period - Jonathan Toews is hit by Brayden Point.
10:17 of 2nd period - Shot by William Karlsson.
10:17 of 2nd period - Shot Misses the Net.
10:19 of 2nd period - Shot by Aaron Ekblad.
10:19 of 2nd period - Stopped by Jacob Markstrom with a rebound.
10:22 of 2nd period - Charlie Coyle is hit by Dan Hamhuis and loses puck.
11:20 of 2nd period - Shot by Alex Pietrangelo.
11:20 of 2nd period - Deflect By William Karlsson.
11:20 of 2nd period - Shot Misses the Net.
11:22 of 2nd period - Shot by Aaron Ekblad.
11:22 of 2nd period - Shot Misses the Net.
11:24 of 2nd period - Shot by Alex Pietrangelo.
11:24 of 2nd period - Shot Misses the Net.
11:26 of 2nd period - Shot by Charlie Coyle.
11:26 of 2nd period - Goal by Charlie Coyle - Canucks : 5 - Kings : 3.
11:27 of 2nd period - Victor Rask wins face-off versus Bobby Ryan in neutral zone.
11:46 of 2nd period - Icing by Brandon Montour.
11:47 of 2nd period - Blake Coleman wins face-off versus Austin Watson in Canucks zone.
12:13 of 2nd period - Shot by Erik Johnson.
12:13 of 2nd period - Stopped by Braden Holtby with a rebound.
12:20 of 2nd period - Off-side.
12:21 of 2nd period - Brayden Point wins face-off versus Victor Rask in neutral zone.
12:26 of 2nd period - Shot by Charlie Coyle.
12:26 of 2nd period - Shot Misses the Net.
12:54 of 2nd period - Shot by Victor Rask.
12:54 of 2nd period - Deflect By Daniel Sedin.
12:54 of 2nd period - Shot Misses the Net.
12:56 of 2nd period - Shot by Matt Hunwick.
12:56 of 2nd period - Shot Misses the Net.
13:34 of 2nd period - Icing by Tyson Barrie.
13:35 of 2nd period - Austin Watson wins face-off versus Evgeny Kuznetsov in Canucks zone.
15:08 of 2nd period - Shot by Patrik Berglund.
15:08 of 2nd period - Stopped by Braden Holtby without a rebound.
15:09 of 2nd period - Brayden Point wins face-off versus Victor Rask in Canucks zone.
15:35 of 2nd period - Shot by Brayden Point.
15:35 of 2nd period - Shot Blocked by Matt Hunwick.
15:37 of 2nd period - Shot by Alex Pietrangelo.
15:37 of 2nd period - Stopped by Jacob Markstrom without a rebound.
15:38 of 2nd period - Blake Coleman wins face-off versus Jonathan Toews in Kings zone.
15:47 of 2nd period - Shot by Bobby Ryan.
15:47 of 2nd period - Shot Misses the Net.
15:55 of 2nd period - Shot by Joe Pavelski.
15:55 of 2nd period - Shot Blocked by Vince Dunn.
15:57 of 2nd period - Shot by Patrik Berglund.
15:57 of 2nd period - Stopped by Braden Holtby without a rebound.
15:58 of 2nd period - Jared McCann wins face-off versus Victor Rask in Canucks zone.
16:11 of 2nd period - Icing by Erik Johnson.
16:12 of 2nd period - Victor Rask wins face-off versus Brayden Point in Kings zone.
16:41 of 2nd period - Icing by Brandon Montour.
16:42 of 2nd period - Jonathan Toews wins face-off versus Brayden Point in Canucks zone.
16:43 of 2nd period - Shot by Joe Pavelski.
16:43 of 2nd period - Stopped by Braden Holtby without a rebound.
16:44 of 2nd period - Blake Coleman wins face-off versus Jonathan Toews in Canucks zone.
16:44 of 2nd period - Blake Coleman is hit by Patrik Berglund.
17:05 of 2nd period - Icing by Blake Coleman.
17:06 of 2nd period - Blake Coleman wins face-off versus Austin Watson in Canucks zone.
17:06 of 2nd period - Blake Coleman is hit by Austin Watson.
17:24 of 2nd period - Shot by Erik Karlsson.
17:24 of 2nd period - Stopped by Jacob Markstrom without a rebound.
17:25 of 2nd period - Jonathan Toews wins face-off versus Brayden Point in Kings zone.
18:17 of 2nd period - Icing by Aaron Ekblad.
18:18 of 2nd period - Victor Rask wins face-off versus Brayden Point in Canucks zone.
18:29 of 2nd period - Shot by Daniel Sedin.
18:29 of 2nd period - Shot Misses the Net.
18:31 of 2nd period - Shot by Daniel Sedin.
18:31 of 2nd period - Stopped by Braden Holtby without a rebound.
18:32 of 2nd period - Evgeny Kuznetsov wins face-off versus Jesper Fast in Canucks zone.
19:13 of 2nd period - Shot by William Karlsson.
19:13 of 2nd period - Shot Misses the Net.
19:32 of 2nd period - Off-side.
19:33 of 2nd period - Jonathan Toews wins face-off versus Jared McCann in neutral zone.
19:35 of 2nd period - Erik Johnson is hit by Brandon Montour and loses puck.
19:41 of 2nd period - Jonathan Toews is hit by Brandon Montour and loses puck.
19:49 of 2nd period - Joe Pavelski is hit by Brandon Montour and loses puck.
19:52 of 2nd period - Shot by Patrik Berglund.
19:52 of 2nd period - Shot Misses the Net.
19:57 of 2nd period - Joe Pavelski is hit by Brandon Montour and loses puck.
Goals for this period are 2 for Canucks vs 1 for Kings.
Shots for this period are 10 for Canucks vs 13 for Kings.

3rd period


0:01 of 3rd period - Jonathan Toews wins face-off versus Chris Kreider in neutral zone.
0:22 of 3rd period - Shot by Jonathan Toews.
0:22 of 3rd period - Stopped by Braden Holtby with a rebound.
0:53 of 3rd period - Chris Kreider is hit by Stephen Johns and loses puck.
1:10 of 3rd period - Off-side.
1:11 of 3rd period - Evgeny Kuznetsov wins face-off versus Austin Watson in neutral zone.
2:06 of 3rd period - Icing by Tomas Tatar.
2:07 of 3rd period - Austin Watson wins face-off versus Blake Coleman in Kings zone.
2:33 of 3rd period - Shot by Joe Pavelski.
2:33 of 3rd period - Shot Misses the Net.
2:54 of 3rd period - Shot by Jonathan Toews.
2:54 of 3rd period - Stopped by Braden Holtby with a rebound.
3:36 of 3rd period - Shot by Victor Rask.
3:36 of 3rd period - Shot Misses the Net.
3:38 of 3rd period - Shot by John Moore.
3:38 of 3rd period - Shot Blocked by Brandon Montour.
4:00 of 3rd period - Shot by Joe Pavelski.
4:00 of 3rd period - Shot Misses the Net.
4:02 of 3rd period - Shot by Joe Pavelski.
4:02 of 3rd period - Stopped by Braden Holtby without a rebound.
4:03 of 3rd period - Evgeny Kuznetsov wins face-off versus Austin Watson in Canucks zone.
4:18 of 3rd period - Tyson Barrie is hit by Austin Watson and loses puck.
4:30 of 3rd period - Austin Watson is hit by Tyson Barrie.
4:31 of 3rd period - Austin Watson from Kings is injured at 4:31 of 3rd period (Sprained Left Finger).
4:32 of 3rd period - Brayden Point wins face-off versus Jonathan Toews in Canucks zone.
4:50 of 3rd period - Shot by Brayden Point.
4:50 of 3rd period - Shot Misses the Net.
4:52 of 3rd period - Shot by Aaron Ekblad.
4:52 of 3rd period - Shot Misses the Net.
4:54 of 3rd period - Shot by Brayden Point.
4:54 of 3rd period - Shot Misses the Net.
4:56 of 3rd period - Shot by Alex Pietrangelo.
4:56 of 3rd period - Stopped by Jacob Markstrom without a rebound.
4:57 of 3rd period - Evgeny Kuznetsov wins face-off versus Victor Rask in Kings zone.
5:06 of 3rd period - Shot by William Karlsson.
5:06 of 3rd period - Stopped by Jacob Markstrom without a rebound.
5:07 of 3rd period - Anthony Cirelli wins face-off versus Jared McCann in Kings zone.
6:00 of 3rd period - Shot by Brayden Point.
6:00 of 3rd period - Shot Misses the Net.
6:27 of 3rd period - Shot by Brayden Point.
6:27 of 3rd period - Shot Misses the Net.
6:29 of 3rd period - Shot by Brayden Point.
6:29 of 3rd period - Stopped by Jacob Markstrom without a rebound.
6:30 of 3rd period - Evgeny Kuznetsov wins face-off versus Jonathan Toews in Kings zone.
6:35 of 3rd period - Shot by Evgeny Kuznetsov.
6:35 of 3rd period - Shot Misses the Net.
7:23 of 3rd period - Icing by John Moore.
7:24 of 3rd period - Brayden Point wins face-off versus Jonathan Toews in Kings zone.
7:24 of 3rd period - Alex Pietrangelo is hit by John Moore.
7:43 of 3rd period - Brayden Point is hit by Daniel Sedin and loses puck.
7:52 of 3rd period - Shot by Charlie Coyle.
7:52 of 3rd period - Shot Misses the Net.
7:54 of 3rd period - Shot by Charlie Coyle.
7:54 of 3rd period - Shot Misses the Net.
8:06 of 3rd period - Shot by Chris Kreider.
8:06 of 3rd period - Shot Misses the Net.
9:04 of 3rd period - Tyson Barrie is hit by Erik Johnson.
9:20 of 3rd period - William Karlsson is hit by Oskar Sundqvist and loses puck.
9:30 of 3rd period - Mike Hoffman is hit by Joe Pavelski and loses puck.
9:56 of 3rd period - John Moore is hit by Evgeny Kuznetsov and loses puck.
10:00 of 3rd period - Stephen Johns and Brandon Montour fight to a draw.
10:00 of 3rd period - Penalty to Stephen Johns for Fighting.
10:00 of 3rd period - Penalty to Brandon Montour for Fighting.
10:01 of 3rd period - Brayden Point wins face-off versus Victor Rask in neutral zone.
10:39 of 3rd period - Shot by Chris Kreider.
10:39 of 3rd period - Shot Blocked by Daniel Sedin.
10:41 of 3rd period - Shot by Alex Pietrangelo.
10:41 of 3rd period - Shot Misses the Net.
10:54 of 3rd period - Icing by Matt Hunwick.
10:55 of 3rd period - Jared McCann wins face-off versus Victor Rask in Kings zone.
11:28 of 3rd period - Nick Bjugstad is hit by Tom Wilson.
11:58 of 3rd period - Icing by Alex Pietrangelo.
11:59 of 3rd period - Evgeny Kuznetsov wins face-off versus Jonathan Toews in Canucks zone.
12:14 of 3rd period - Shot by William Karlsson.
12:14 of 3rd period - Shot Misses the Net.
12:58 of 3rd period - Shot by Tomas Tatar.
12:58 of 3rd period - Stopped by Braden Holtby without a rebound.
12:59 of 3rd period - Anthony Beauvillier wins face-off versus Anthony Cirelli in Canucks zone.
12:59 of 3rd period - Anthony Beauvillier is hit by Jesper Fast.
13:17 of 3rd period - Dan Hamhuis is hit by Aaron Ekblad and loses puck.
13:26 of 3rd period - Shot by Jesper Fast.
13:26 of 3rd period - Deflect By Tomas Tatar.
13:26 of 3rd period - Shot Blocked by Alex Pietrangelo.
13:51 of 3rd period - Icing by Jonathan Toews.
13:52 of 3rd period - Mark Jankowski wins face-off versus Evgeny Kuznetsov in Kings zone.
13:52 of 3rd period - Mark Jankowski is hit by Evgeny Kuznetsov.
14:21 of 3rd period - Shot by Mike Hoffman.
14:21 of 3rd period - Shot Blocked by Erik Johnson.
14:23 of 3rd period - Shot by Tyson Barrie.
14:23 of 3rd period - Deflect By William Karlsson.
14:23 of 3rd period - Shot Blocked by Oskar Sundqvist.
14:25 of 3rd period - Shot by William Karlsson.
14:25 of 3rd period - Stopped by Jacob Markstrom without a rebound.
14:26 of 3rd period - Brayden Point wins face-off versus Tomas Tatar in Kings zone.
14:36 of 3rd period - Icing by Erik Karlsson.
14:37 of 3rd period - Brayden Point wins face-off versus Victor Rask in Canucks zone.
14:37 of 3rd period - Chris Kreider is hit by Nick Bjugstad and loses puck.
15:11 of 3rd period - Shot by Chris Kreider.
15:11 of 3rd period - Shot Misses the Net.
15:29 of 3rd period - Shot by William Karlsson.
15:29 of 3rd period - Shot Misses the Net.
15:31 of 3rd period - Shot by Aaron Ekblad.
15:31 of 3rd period - Shot Blocked by Matt Hunwick.
15:41 of 3rd period - Shot by Evgeny Kuznetsov.
15:41 of 3rd period - Deflect By William Karlsson.
15:41 of 3rd period - Stopped by Jacob Markstrom without a rebound.
15:42 of 3rd period - Jonathan Toews wins face-off versus Blake Coleman in Kings zone.
15:46 of 3rd period - Icing by Patrik Berglund.
15:47 of 3rd period - Jonathan Toews wins face-off versus Blake Coleman in Kings zone.
15:47 of 3rd period - Jonathan Toews is hit by Blake Coleman.
16:18 of 3rd period - Joe Pavelski is hit by Aaron Ekblad and loses puck.
16:48 of 3rd period - Shot by Tomas Tatar.
16:48 of 3rd period - Deflect By Jesper Fast.
16:48 of 3rd period - Stopped by Braden Holtby with a rebound.
16:50 of 3rd period - Shot by Anthony Cirelli.
16:50 of 3rd period - Shot Misses the Net.
17:06 of 3rd period - Jesper Fast is hit by Alex Pietrangelo.
17:12 of 3rd period - Shot by Stephen Johns.
17:12 of 3rd period - Stopped by Braden Holtby without a rebound.
17:13 of 3rd period - Brayden Point wins face-off versus Victor Rask in Canucks zone.
17:36 of 3rd period - Shot by Brayden Point.
17:36 of 3rd period - Shot Misses the Net.
17:38 of 3rd period - Shot by Erik Karlsson.
17:38 of 3rd period - Shot Misses the Net.
18:14 of 3rd period - William Karlsson is hit by Jonathan Toews and loses puck.
18:21 of 3rd period - Shot by Joe Pavelski.
18:21 of 3rd period - Shot Misses the Net.
18:23 of 3rd period - Shot by Erik Johnson.
18:23 of 3rd period - Shot Misses the Net.
18:25 of 3rd period - Shot by Jonathan Toews.
18:25 of 3rd period - Shot Blocked by Vince Dunn.
18:27 of 3rd period - Shot by Mark Jankowski.
18:27 of 3rd period - Deflect By Jonathan Toews.
18:27 of 3rd period - Stopped by Braden Holtby with a rebound.
18:29 of 3rd period - Shot by Mark Jankowski.
18:29 of 3rd period - Goal by Mark Jankowski - Canucks : 5 - Kings : 4.
18:30 of 3rd period - Jared McCann wins face-off versus Anthony Cirelli in neutral zone.
18:58 of 3rd period - Shot by Jesper Fast.
18:58 of 3rd period - Stopped by Braden Holtby with a rebound.
19:00 of 3rd period - Kings, Jacob Markstrom is pulled from the net.
19:00 of 3rd period - Shot by Stephen Johns.
19:00 of 3rd period - Stopped by Braden Holtby without a rebound.
19:01 of 3rd period - Blake Coleman wins face-off versus Jonathan Toews in Canucks zone.
19:06 of 3rd period - Shot by Erik Karlsson.
19:06 of 3rd period - Goal by Erik Karlsson - Canucks : 6 - Kings : 4.
19:06 of 3rd period - Jacob Markstrom from Kings was sent back in the game.
19:07 of 3rd period - Evgeny Kuznetsov wins face-off versus Jonathan Toews in neutral zone.
19:30 of 3rd period - Shot by Mike Hoffman.
19:30 of 3rd period - Stopped by Jacob Markstrom with a rebound.
19:38 of 3rd period - Shot by Evgeny Kuznetsov.
19:38 of 3rd period - Deflect By Mike Hoffman.
19:38 of 3rd period - Shot Misses the Net.
19:46 of 3rd period - Shot by Mike Hoffman.
19:46 of 3rd period - Deflect By William Karlsson.
19:46 of 3rd period - Shot Misses the Net.
Goals for this period are 1 for Canucks vs 1 for Kings.
Shots for this period are 7 for Canucks vs 10 for Kings.